 Dungeon Crawl Stone Soup version 0.31-a0-175-g9f7f995f2b (webtiles) character file.

Game seed: 12443137345074017861

153963 Monkooky the Severer (level 17, -4/124 HPs)
             Began as a Mummy Monk on June 17, 2023.
             Was the Champion of Hepliaklqana.
             Slain by an eleionoma (11 damage)
             ... on level 4 of the Swamp.
             The game lasted 01:25:46 (27126 turns).

Monkooky the Severer (Mummy Monk)                  Turns: 27126, Time: 01:25:46

Health: -4/124     AC: 27    Str: 21    XL:     17   Next: 5%
Magic:  24/24      EV: 11    Int: 10    God:    Hepliaklqana [******]
Gold:   934        SH: 14    Dex: 20    Spells: 16/16 levels left

rFire   . . .        o - +8 broad axe (distort)
rCold   + . .        V - +2 kite shield {reflect}
rNeg    + + +        Z - +3 chain mail {rF+}
rPois   ∞            b - +0 hat "Uloqoutu" {Regen+ Slay+5}
rElec   .            g - +2 cloak
rCorr   .            a - +2 pair of gloves of Ufeim {Dex+5}
SInv    .            j - +1 pair of boots
Will    ++...        v - amulet of the acrobat Stlth
                     e - +4 ring of protection
HPRegen 1.20/turn    D - +4 ring of slaying
MPRegen 0.19/turn

%: reflection, acrobat, faith
@: very slow
A: reduced essence, cold resistance 1, negative energy resistance 3, torment
resistance 2, heat vulnerability 1, in touch with death 2, no potions, faith
a: Renounce Religion, Recall Ancestor, Ancestor Identity, Transference, Idealise


You were on level 4 of the Swamp.
You worshipped Hepliaklqana.
Hepliaklqana was exalted by your worship.
You visited 7 branches of the dungeon, and saw 29 of its levels.
You also visited: Bailey and Gauntlet.

You collected 3562 gold pieces.
You spent 2628 gold pieces at shops.

Inventory:

Hand Weapons
 o - a +8 broad axe of distortion (weapon)
Missiles
 u - 2 throwing nets
 G - 8 curare-tipped darts
Armour
 a - the +2 pair of gloves of Ufeim (worn) {Dex+5}
   (You found it on level 4 of the Lair of Beasts)

   Dex:       It affects your dexterity (+5).
 b - the +0 hat "Uloqoutu" (worn) {Regen+ Slay+5}
   (You found it on level 5 of the Lair of Beasts)

   Slay:      It affects your accuracy & damage with ranged weapons and melee
   (+5).
   Regen:     It increases your rate of health regeneration.
 c - an orb of light
 g - a +2 cloak (worn)
 j - a +1 pair of boots (worn)
 p - a +3 chain mail of willpower
 H - a +2 helmet
 J - a +0 buckler
 R - a +0 tower shield of fire resistance
 T - a +1 tower shield of resistance
 V - a +2 kite shield of reflection (worn)
 Z - a +3 chain mail of fire resistance (worn)
Jewellery
 e - a +4 ring of protection (left hand)
 h - a ring of see invisible
 k - a ring of resist corrosion
 t - an amulet of reflection
 v - an amulet of the acrobat (around neck)
 y - a +6 ring of intelligence
 D - a +4 ring of slaying (right hand)
 M - the amulet of Recklessness {Faith rN++ Dex+3}
   (You found it in a Gauntlet)

   [amulet of faith]

   It allows you to gain divine favour quickly.
   Dex:       It affects your dexterity (+3).
   rN:        It greatly protects you from negative energy.
 O - an amulet of magic regeneration
 S - an amulet of regeneration
 Y - a ring of protection from cold
Wands
 n - a wand of roots (5)
 q - a wand of acid (10)
 w - a wand of charming (13)
 B - a wand of digging (10)
 C - a wand of polymorph (10)
 L - a wand of mindburst (24)
 U - a wand of flame (29)
Scrolls
 d - 8 scrolls of vulnerability
 f - 5 scrolls of teleportation
 i - 2 scrolls of revelation
 l - 3 scrolls of amnesia
 r - 3 scrolls of enchant armour
 s - a scroll of blinking
 x - 4 scrolls of brand weapon
 z - 2 scrolls of immolation
 E - 9 scrolls of identify
 F - 7 scrolls of fog
 I - a scroll of acquirement
 Q - 2 scrolls of noise
 W - a scroll of torment
 X - 2 scrolls of poison
Miscellaneous
 m - a phial of floods
 N - a condenser vane


   Skills:
 - Level 13.8 Fighting
 - Level 17.8(18.0) Axes
 - Level 3.2(12.1) Maces & Flails
 - Level 9.3 Armour
 - Level 6.0 Dodging
 * Level 8.1 Shields
 - Level 10.1 Invocations


You had 16 spell levels left.
You didn't know any spells.
Your spell library contained the following spells:

 Spells                   Type           Power      Damage    Failure   Level
 Foxfire                  Conj/Fire      0%         2x1d4     99%         1
 Freeze                   Ice            0%         1d3       99%         1
 Necrotise                Necr           0%         1d4       99%         1
 Sandblast                Erth           0%         2d4       99%         1
 Sting                    Tmut/Pois      0%         1d3       99%         1
 Cigotuvi's Dreadful Rot  Necr/Pois/Air  0%         N/A       99%         2
 Ensorcelled Hibernation  Hex/Ice        0%         N/A       99%         2
 Passwall                 Tmut/Erth      0%         N/A       99%         2
 Poisonous Vapours        Pois/Air       0%         N/A       99%         2
 Scorch                   Fire           0%         2d5       99%         2
 Frozen Ramparts          Ice            0%         1d1       100%        3
 Hailstorm                Conj/Ice       0%         3d3       100%        3
 Ignite Poison            Fire/Tmut/Pois 0%         N/A       100%        3
 Inner Flame              Hex/Fire       0%         N/A       100%        3
 Ozocubu's Armour         Ice            0%         N/A       100%        3
 Stone Arrow              Conj/Erth      0%         3d7       100%        3
 Anguish                  Hex/Necr       0%         N/A       100%        4
 Flame Wave               Conj/Fire      0%         2d4       100%        4
 Manifold Assault         Tloc           0%         N/A       100%        4
 Olgreb's Toxic Radiance  Pois           0%         N/A       100%        4
 Sticky Flame             Conj/Fire      0%         2d3       100%        4
 Alistair's Intoxication  Tmut/Pois      0%         N/A       100%        5
 Borgnjor's Vile Clutch   Necr/Erth      0%         N/A       100%        5
 Fireball                 Conj/Fire      0%         3d3       100%        5
 Freezing Cloud           Conj/Ice/Air   0%         6-21      100%        5
 Summon Forest            Summ/Tloc      0%         N/A       100%        5
 Conjure Ball Lightning   Conj/Air       0%         3x3d6     100%        6
 Dispersal                Tloc           0%         N/A       100%        6
 Eringya's Noxious Bog    Tmut/Pois      0%         N/A       100%        6
 Plasma Beam              Fire/Air       0%         2x1d10    100%        6
 Starburst                Conj/Fire      0%         6d3       100%        6
 Summon Cactus Giant      Summ           0%         N/A       100%        6
 Ozocubu's Refrigeration  Ice            0%         4d7       100%        7
 Summon Hydra             Summ           0%         N/A       100%        7
 Discord                  Hex            0%         N/A       100%        8
 Disjunction              Tloc           0%         N/A       100%        8
 Chain Lightning          Conj/Air       0%         N/A       100%        9
 Fire Storm               Conj/Fire      0%         5d1       100%        9
 Shatter                  Erth           0%         3d5*      100%        9
 Spider Form              Tmut/Pois      Unusable   N/A       N/A         3

Dungeon Overview and Level Annotations

Branches:
Dungeon (12/15)            Temple (1/1) D:5            Lair (5/5) D:8
  Swamp (4/4) Lair:3        Snake (4/4) Lair:3        Slime (0/5) Lair:4
    Orc (2/2) D:10            Elf (1/3) Orc:2        Bailey (visited)
Gauntlet (visited)

Altars:
Ashenzari
Cheibriados
Dithmenos
Fedhas
Gozag
Hepliaklqana
Kikubaaqudgha
Makhleb
Nemelex Xobeh
Okawaru
Qazlal
Ru
Sif Muna
Trog
Uskayaw
Vehumet
Wu Jian
Xom
Yredelemnul
Jiyva

Shops:
D:3 (   D:10 *   Orc:2 (=?[   Snake:2 :=:   Snake:3 *

Annotations:
D:11 exclusion: downstairs
D:12 exclusion: upstairs, Rupert
Abyss:1 Aizul, Mlioglotl


Innate Abilities, Weirdness & Mutations

Your life essence is reduced to manifest your ancestor. (-10% HP)
You are immune to poison.
Your flesh is cold resistant. (rC+)
You are immune to negative energy. (rN+++)
You are immune to unholy pain and torment.
You are vulnerable to heat. (rF-)
You are strongly in touch with the powers of death.
You do not drink.
You have a special connection with the divine. (Faith)


Message History

The 25-headed hydra zombie barely misses you.
The 25-headed hydra zombie bites you but does no damage. x2
The 25-headed hydra zombie bites you.
* * * LOW HITPOINT WARNING * * *
The 25-headed hydra zombie bites you!
* * * LOW HITPOINT WARNING * * *
The 25-headed hydra zombie bites you but does no damage.
The 25-headed hydra zombie bites you.
* * * LOW HITPOINT WARNING * * *
The nine-headed hydra struggles to escape constriction.
Press: ? - help, v - describe, . - travel
Here: a 25-headed hydra zombie (moderately damaged, constricted by roots)
The floor.
Unknown command.
Press: ? - help, v - describe, . - travel
Here: an eleionoma (lightly wounded, constricted by roots)
The floor.
You enter the shallow water.
Moving in this stuff is going to be slow.
The grasping roots constrict the nine-headed hydra.
The grasping roots constrict the 25-headed hydra zombie!
The grasping roots constrict the eleionoma.
The roots release their grip on the 25-headed hydra zombie.
The eleionoma struggles to escape constriction.
The nine-headed hydra struggles to escape constriction.
Blink to where?
Press: ? - help, Dir - move target, p - eleionoma The roots lose their grip on something. x2
Splash!
As you read the scroll of blinking, it crumbles to dust.
Your surroundings suddenly seem different.
Splash!
The eleionoma flows through the trees.
Unknown command.
As you read the scroll of fear, it crumbles to dust.
You assume a fearsome visage.
The nine-headed hydra looks frightened!
The six-headed hydra looks frightened!
The 25-headed hydra zombie is unaffected.
The eleionoma resists with some effort.
The eleionoma hits you!
You die...

♣.~~~~~~§~~~~~~~~~~~~~♣♣♣ ♣D~
♣~~~~~~~§~~.~~~~.~~~§~~♣♣♣♣♣♣~~
♣♣.~~~~~..~.~♣♣~..♣~~~~.♣.♣.§##
♣♣.~~~~~...~.♣♣♣♣♣♣♣~~~~...V†♣#
♣~~~~§~~♣.~.♣♣♣♣♣♣♣♣♣~.~~.~~##
♣.~~~~~~....÷♣~♣♣~..♣♣♣♣.~~##
♣♣~~~......♣♣.[..~~~.♣~....#
♣~^~.....~♣~.R.~§~~~D...###
♣~~.~~.♣♣♣♣♣♣♣@§~~~~.D.##
♣♣♣~~~~.♣♣ ♣♣..~~~~Z.###
♣.~~~.~♣ ♣.§~..~.~## ♣~..§~~♣
♣.~~.....# ♣♣♣.~~~~♣♣♣.~~÷~..♣#
♣♣.~~~~..♣♣.~~.~♣~~♣
♣~.~~~.♣♣♣♣.~~.~.♣♣♣ ♣~~~~~.♣
♣~...~~~♣♣# ♣.~~~~.♣
♣♣~~.~~~~.#


You could see an eleionoma, a nine-headed hydra (fleeing), a six-headed hydra
(fleeing) and a 25-headed hydra zombie.

Vanquished Creatures
  Frances (D:12)
  A thorn hunter (Swamp:3)
  Gastronok (Lair:3)
  Donald (Snake:3)
  Nessos (D:12)
  Azrael (D:12)
  3 eleionomae
  The ghost of Dittersdorf the Peltast, a journeyman GrFi of Okawaru (Lair:4)
  2 ghost crabs (Swamp:3)
  7 hydras
  An ogre mage (Orc:2)
  4 anacondas
  3 salamander tyrants
  3 boulder beetles
  A two-headed ogre (D:8)
  2 death yaks
  6 naga warriors
  4 alligators
  4 shock serpents
  An orc high priest (Orc:2)
  2 naga sharpshooters (Snake:1)
  Nergalle (Orc:2)
  2 skysharks
  5 sea snakes (Snake:2)
  2 skeletal warriors (D:11)
  2 goliath frogs
  2 salamander mystics
  A naga ritualist (Snake:3)
  A death drake (Swamp:4)
  3 bog bodies
  A swamp dragon (Swamp:4)
  4 deep elf pyromancers
  Pikel (D:8)
  2 deep elf zephyrmancers
  A cyclops (D:12)
  4 mana vipers
  2 ugly things
  4 orc sorcerers (Orc:2)
  6 elephants (Lair:5)
  A guardian serpent (Snake:2)
  20 black mambas
  12 salamanders
  3 naga magi
  A gargoyle (D:12)
  An ice statue (Gauntlet)
  5 cane toads
  2 kobold demonologists
  3 komodo dragons
  3 rime drakes
  A polar bear (Lair:2)
  4 trolls
  7 hornets
  5 tyrant leeches
  6 dream sheep (Lair:5)
  7 blink frogs
  A jumping spider (Gauntlet)
  35 yaks
  A wraith (D:11)
  5 wyverns
  4 fire elementals (D:12)
  14 spriggans
  A vampire (D:9)
  A ynoxinul (Gauntlet)
  A basilisk (Lair:1)
  An unseen horror simulacrum (D:9)
  A steam dragon (Lair:2)
  7 vampire mosquitoes
  8 swamp worms
  15 nagas
  A warg (D:11)
  An acid dragon (D:12)
  16 water moccasins
  3 hell hounds
  3 swamp drakes
  4 black bears
  A sky beast (D:7)
  9 orc warriors
  An ice beast (D:5)
  4 boggarts
  23 wolves
  3 ogres (Orc:2)
  A centaur (D:12)
  3 kobold brigands
  8 bullfrogs
  2 gnoll sergeants
  14 wights
  4 killer bees (D:9)
  A howler monkey (D:8)
  3 electric eels
  4 lava snakes (Snake:3)
  A hound (D:5)
  5 orc priests
  2 gnoll boudas (D:4)
  3 sleepcaps
  2 iguanas
  16 orc wizards
  Robin (D:1)
  23 gnolls
  6 adders
  A white imp (D:6)
  2 ufetubi
  3 worms
  2 dart slugs (D:1)
  44 orcs
  6 ball pythons
  8 bats
  6 endoplasms
  3 giant cockroaches
  14 goblins
  8 hobgoblins
  7 jackals
  2 frilled lizards
  33 kobolds
  8 rats
585 creatures vanquished.

Vanquished Creatures (collateral kills)
  A ghost crab (Swamp:4)
  A hydra (Swamp:4)
  An anaconda (Snake:2)
  3 alligators
  A death yak (Lair:4)
  A two-headed ogre (D:11)
  2 naga sharpshooters
  A naga warrior (Snake:2)
  2 shock serpents
  Sonja (Orc:2)
  Amaemon (Lair:3)
  2 salamander mystics (Snake:3)
  A death drake (Swamp:2)
  A goliath frog (Swamp:3)
  A spriggan druid (Swamp:1)
  A naga ritualist (Snake:2)
  A flayed ghost (Swamp:4)
  2 swamp dragons
  2 deep elf pyromancers
  The ghost of Brisketman the Gouger, a novice FeTm of Wu Jian (Lair:1)
  A will-o-the-wisp (Swamp:4)
  4 orc sorcerers (Orc:2)
  6 salamanders
  An elephant (Lair:5)
  5 naga magi
  A rust devil (Gauntlet)
  2 guardian serpents
  4 black mambas
  5 cane toads
  An orange demon (Lair:3)
  2 komodo dragons
  An unseen horror (D:11)
  2 rime drakes
  A polar bear (Lair:5)
  5 hornets
  4 tyrant leeches
  Prince Ribbit (D:6)
  2 blink frogs
  A dream sheep (Lair:5)
  A slime creature (D:9)
  A culicivora (shapeshifter) (D:9)
  Sigmund (D:3)
  A shadow (D:10)
  A basilisk (Lair:1)
  2 wyverns
  2 wraiths
  5 spriggans
  17 yaks
  A vampire mosquito (D:9)
  8 nagas
  7 swamp worms
  2 wargs
  4 water moccasins
  2 sky beasts
  4 ice beasts
  5 orc warriors
  3 black bears (Lair:5)
  4 ogres
  3 boggarts
  11 wolves
  5 kobold brigands
  6 bullfrogs
  A scorpion (D:5)
  A wight (D:8)
  3 killer bees (D:9)
  8 electric eels
  2 lava snakes (Snake:3)
  4 orc priests
  A gnoll bouda (D:7)
  An iron imp (Gauntlet)
  Terence (D:3)
  An iguana (D:4)
  20 orc wizards
  16 gnolls
  An adder (D:5)
  33 orcs
  2 endoplasms
  A giant cockroach (D:3)
  A goblin (D:3)
  3 hobgoblins (D:4)
  A ball python (D:4)
  9 kobolds
  A rat (D:3)
283 creatures vanquished.

Vanquished Creatures (others)
  A bloated husk (Swamp:1)
  24 battlemagi
  2 orc wizards (Orc:2)
  14 foxfires
41 creatures vanquished.

Grand Total: 909 creatures vanquished

Notes
Turn   | Place    | Note
-------+----------+-------------------------------------------
     0 | D:1      | Monkooky the Mummy Monk began the quest for the Orb.
     0 | D:1      | Reached XP level 1. HP: 18/18 MP: 1/1
   146 | D:1      | Reached XP level 2. HP: 24/24 MP: 2/2
   343 | D:1      | Gained mutation: You are in touch with the powers of death.
                  | [Mummy growth]
   343 | D:1      | Reached XP level 3. HP: 30/30 MP: 3/3
   741 | D:2      | Noticed Robin
   815 | D:1      | Killed Robin
   861 | D:2      | Reached XP level 4. HP: 34/38 MP: 4/4
   923 | D:2      | Reached skill level 5 in Fighting
  1213 | D:2      | Found a faded altar of an unknown god.
  1223 | D:2      | Got Plato's Notes on the Charnel House
  1224 | D:2      | Prayed at the altar of an unknown god.
  1224 | D:2      | Became a worshipper of Hepliaklqana the Forgotten
  1224 | D:2      | Reached * piety under Hepliaklqana
  1224 | D:2      | Reached ** piety under Hepliaklqana
  1525 | D:3      | Reached *** piety under Hepliaklqana
  1777 | D:3      | Found Faeguont's Antique Weapon Shop.
  1785 | D:3      | Reached XP level 5. HP: 39/39 MP: 5/5
  1790 | D:3      | Noticed Sigmund
  1850 | D:4      | Remembered your ancestor Simosihle as a battlemage
  2014 | D:4      | Reached skill level 1 in Axes
  2033 | D:4      | Reached skill level 2 in Axes
  2047 | D:4      | Reached XP level 6. HP: 26/45 MP: 6/6
  2096 | D:3      | Killed Sigmund
  2097 | D:3      | Reached skill level 4 in Axes
  2114 | D:3      | Bought a runed broad axe for 168 gold pieces
  2147 | D:3      | Noticed Terence
  2154 | D:3      | Killed Terence
  2162 | D:3      | Reached XP level 7. HP: 35/50 MP: 7/7
  2729 | D:4      | Reached skill level 5 in Axes
  3215 | D:5      | Entered Level 5 of the Dungeon
  3216 | D:5      | Reached **** piety under Hepliaklqana
  3238 | D:5      | Found a staircase to the Ecumenical Temple.
  3272 | Temple   | Entered the Ecumenical Temple
  3435 | D:5      | Reached skill level 6 in Axes
  3473 | D:5      | Identified the +3 long sword "Zutug" {antimagic, Will+
                  | Dex+3}
  3476 | D:5      | Identified a scroll of acquirement
  3578 | D:5      | Reached XP level 8. HP: 55/55 MP: 8/8
  3732 | D:5      | Found a blossoming altar of Fedhas.
  3820 | D:6      | Reached skill level 7 in Axes
  3845 | D:6      | Noticed Prince Ribbit
  3852 | D:6      | Killed Prince Ribbit
  3875 | D:6      | Reached skill level 1 in Invocations
  3945 | D:6      | You fall into a shaft and drop 1 floor!
  4194 | D:6      | Reached XP level 9. HP: 54/61 MP: 12/12
  4296 | D:6      | Reached skill level 5 in Invocations
  5249 | D:8      | Noticed a two-headed ogre
  5257 | D:8      | Killed a two-headed ogre
  5334 | D:8      | Noticed Pikel
  5338 | D:8      | Reached skill level 1 in Armour
  5341 | D:8      | Reached skill level 8 in Axes
  5341 | D:8      | Reached XP level 10. HP: 57/66 MP: 16/16
  5343 | D:8      | Killed Pikel
  5589 | D:8      | Found a staircase to the Lair.
  6194 | D:9      | Reached skill level 9 in Axes
  6441 | D:9      | Reached XP level 11. HP: 74/75 MP: 17/17
  6449 | D:9      | Noticed a cyan ugly thing
  6460 | D:9      | Killed a cyan ugly thing
  6555 | D:9      | Noticed a deep elf pyromancer
  6744 | D:9      | Reached ***** piety under Hepliaklqana
  6839 | D:10     | Entered Level 10 of the Dungeon
  7039 | D:10     | Reached skill level 5 in Armour
  7091 | D:10     | Found Renos's General Store.
  7096 | D:10     | Bought a scroll of fear for 56 gold pieces
  7312 | D:10     | Found a flagged portal.
  7321 | Bailey   | Entered a bailey
  7800 | D:10     | Found a staircase to the Orcish Mines.
  8065 | D:10     | Noticed a two-headed ogre
  8070 | D:10     | Banished a two-headed ogre
  8489 | Orc:1    | Entered Level 1 of the Orcish Mines
  8618 | Orc:2    | Entered Level 2 of the Orcish Mines
  8966 | Orc:2    | Noticed Sonja
  8984 | Orc:2    | Killed Sonja
  8985 | Orc:2    | Reached skill level 10 in Axes
  8989 | Orc:2    | Found a staircase to the Elven Halls.
  8991 | Orc:2    | Noticed an orc high priest
  9041 | Orc:2    | Killed an orc high priest
  9313 | Orc:2    | Noticed an orc sorcerer
  9401 | Orc:2    | Killed an orc sorcerer
  9689 | Orc:2    | Noticed an orc sorcerer
  9701 | Orc:2    | Killed an orc sorcerer
  9702 | Orc:2    | Reached XP level 12. HP: 52/87 MP: 18/18
  9998 | Orc:2    | Noticed an ogre mage
 10003 | Orc:2    | Paralysed by an ogre mage for 2 turns
 10007 | Orc:2    | Killed an ogre mage
 10043 | Orc:2    | Found Vufryman's Antique Weapon Emporium.
 10067 | Orc:2    | Found Micas's Jewellery Shoppe.
 10081 | Orc:2    | Bought a +4 ring of slaying for 1014 gold pieces
 10081 | Orc:2    | Acquired 885 gold pieces
 10083 | Orc:2    | Bought a +4 ring of protection for 468 gold pieces
 10099 | Orc:2    | Found a radiant altar of Vehumet.
 10122 | Orc:2    | Found Qemitul's Magic Scroll Shoppe.
 10128 | Orc:2    | Reached skill level 10 in Fighting
 10143 | Orc:2    | Bought a scroll of enchant weapon for 97 gold pieces
 10143 | Orc:2    | Bought a scroll of enchant weapon for 97 gold pieces
 10143 | Orc:2    | Bought a scroll of fog for 52 gold pieces
 10143 | Orc:2    | Noticed Nergalle
 10153 | Orc:2    | Killed Nergalle
 10181 | Orc:2    | Found Xoer's Antique Armour Emporium.
 10185 | Orc:2    | Paralysed by an orc sorcerer for 2 turns
 10206 | Orc:2    | Found an ancient bone altar of Kikubaaqudgha.
 10667 | Lair:1   | Entered Level 1 of the Lair of Beasts
 10715 | Lair:1   | Reached skill level 11 in Axes
 10817 | Lair:1   | Reached ****** piety under Hepliaklqana
 10933 | Lair:1   | Found a runed translucent gate.
 10933 | Lair:1   | Found a runed translucent gate.
 10933 | Lair:1   | Found a runed translucent gate.
 11274 | Lair:1   | Noticed Brisketman's ghost (novice FeTm)
 11281 | Lair:1   | Killed Brisketman's ghost
 11502 | Lair:2   | Noticed a boulder beetle
 11664 | D:9      | Reached skill level 12 in Axes
 12111 | Lair:2   | Noticed an eight-headed hydra
 12136 | Lair:2   | Killed a boulder beetle
 12137 | Lair:2   | Killed a nine-headed hydra
 12252 | Lair:2   | Gained mutation: You are strongly in touch with the powers
                  | of death. [Mummy growth]
 12252 | Lair:2   | Reached XP level 13. HP: 93/93 MP: 19/19
 12929 | Lair:3   | Noticed Gastronok
 12948 | Lair:3   | Killed Gastronok
 12949 | Lair:3   | Reached skill level 13 in Axes
 13095 | Lair:3   | Noticed Amaemon
 13117 | Lair:3   | Killed Amaemon
 13300 | Lair:3   | Found a staircase to the Swamp.
 13349 | Lair:3   | Reached skill level 14 in Axes
 13693 | Lair:3   | Found a staircase to the Snake Pit.
 13919 | Lair:4   | Found a viscous altar of Jiyva.
 13919 | Lair:4   | Found a staircase to the Slime Pits.
 14144 | Lair:4   | Found a runed translucent door.
 14165 | Lair:4   | Noticed Dittersdorf's ghost (journeyman GrFi)
 14279 | Lair:4   | Reached skill level 15 in Axes
 14743 | Orc:2    | Bought a scroll of acquirement for 676 gold pieces
 15474 | Lair:4   | Killed Dittersdorf's ghost
 15478 | Lair:4   | Identified the +2 pair of gloves of Ufeim {Dex+5}
 15580 | Lair:5   | Entered Level 5 of the Lair of Beasts
 15783 | Lair:5   | Reached XP level 14. HP: 57/99 MP: 20/20
 16293 | Lair:5   | Reached skill level 16 in Axes
 16523 | Lair:5   | Identified the +0 hat "Uloqoutu" {Regen+ Slay+5}
 17323 | D:11     | Reached skill level 17 in Axes
 18074 | D:12     | Noticed Nessos
 18079 | D:12     | Killed Nessos
 18190 | D:12     | Found an opulent altar of Gozag.
 18328 | D:12     | Found a gate leading to a gauntlet.
 18329 | D:12     | Noticed Frances
 18332 | D:12     | Noticed Azrael
 18455 | D:12     | Killed Frances
 18477 | D:12     | Killed Azrael
 18505 | Gauntlet | Entered a Gauntlet
 18505 | Gauntlet | Found a transporter.
 18505 | Gauntlet | Found a transporter.
 18574 | Gauntlet | Found a transporter.
 18577 | Gauntlet | Found a transporter.
 18614 | Gauntlet | Found a transporter.
 18614 | Gauntlet | Found a transporter.
 18616 | Gauntlet | Found a transporter.
 18616 | Gauntlet | Found a transporter.
 18629 | Gauntlet | Found a transporter.
 18646 | Gauntlet | Found a transporter.
 18655 | Gauntlet | Found a runed translucent door.
 18656 | Gauntlet | Found a transporter.
 18657 | Gauntlet | Found a runed translucent door.
 18658 | Gauntlet | Noticed a balrug
 18671 | Gauntlet | Found a transporter.
 18693 | Gauntlet | Found a transporter.
 18706 | Gauntlet | Found a transporter.
 18868 | Gauntlet | Identified the amulet of Recklessness {Faith rN++ Dex+3}
 18917 | Gauntlet | Identified the ring of Qenigon {Ice Dex+3}
 19379 | D:12     | Noticed Rupert
 19552 | Elf:1    | Entered Level 1 of the Elven Halls
 19556 | Elf:1    | Reached XP level 15. HP: 105/105 MP: 21/21
 19843 | Snake:1  | Entered Level 1 of the Snake Pit
 19950 | Snake:1  | Reached skill level 10 in Invocations
 20204 | Snake:1  | Reached skill level 1 in Shields
 21651 | Snake:2  | Noticed Aizul
 21656 | Snake:2  | Banished Aizul
 21932 | Snake:2  | Found Meriolyj's Book Emporium.
 21933 | Snake:2  | Found Poeckeleyl's Jewellery Shop.
 21934 | Snake:2  | Found Vocux's Book Emporium.
 22796 | Snake:3  | Noticed Donald
 22803 | Snake:3  | Killed Donald
 23066 | Snake:3  | Reached XP level 16. HP: 92/116 MP: 23/23
 23631 | Snake:3  | Identified the +2 lajatang of Utaxzokh {speed, rElec Will+}
 23770 | Snake:3  | Reached skill level 5 in Dodging
 23772 | Snake:3  | Noticed Mlioglotl
 23822 | Snake:2  | Banished Mlioglotl
 23963 | Snake:3  | Found Mehopuit's Gadget Gallery.
 24454 | Snake:4  | Entered Level 4 of the Snake Pit
 24833 | Swamp:1  | Entered Level 1 of the Swamp
 26100 | Swamp:3  | Noticed a thorn hunter
 26139 | Swamp:3  | Reached skill level 5 in Shields
 26143 | Swamp:3  | Killed a thorn hunter
 26677 | Swamp:3  | Identified the +8 long sword of a ziggurat {heavy, rF+}
 26761 | Swamp:4  | Entered Level 4 of the Swamp
 27097 | Swamp:4  | Reached XP level 17. HP: 105/124 MP: 20/24
 27123 | Swamp:4  | HP: 3/124 [25-headed hydra zombie (6)]
 27126 | Swamp:4  | Slain by an eleionoma

Illustrated notes

Levels and vault maps discovered:
D:1:      dpeg_arrival_round_c, layout_rooms
D:2:      layout_loops_ring, shapermc_ecumenical_altar_rom_forum,
          minmay_ruptured, uniq_robin
D:3:      layout_loops_cross, serial_shops, shop, minmay_tree_intersection,
          corexii_shack, uniq_terence, uniq_sigmund
D:4:      nicolae_BIG_FREAKIN_CUBE, layout_layer_cave,
          minmay_a_box_with_orc_wizards_in_it
D:5:      layout_rooms, fedhas_altar_fruit_tree,
          minmay_temple_entry_gardened_gates
D:6:      layout_cave_pools, minivault_4, uniq_prince_ribbit1
D:7:      layout_rooms
D:8:      layout_basic, hellmonk_lair_entry_icy, st_stairs_5, kennysheep_potato,
          uniq_pikel
D:9:      layout_gridville, minmay_shattered_shrine
D:10:     layout_grid_maze, orc_0_dummy, enter_bailey_2, serial_shops,
          nicolae_shop_rolling_square
D:11:     layout_loops_ring
D:12:     layout_basic, serial_glass, glass_columns_a, glass_columns_b,
          gauntlet_entry_generic, chequers_serial_rivers_large_a,
          nicolae_gozag_seed_capital, uniq_rupert, uniq_nessos, uniq_frances,
          uniq_azrael
Temple:   compressed_dpeg_circular_temple
Lair:1:   layout_misc_corridors, ebering_ghost_rock_garden,
          chequers_serial_rivers_micro_b, minivault_27,
          nicolae_quartered_pool_impasse
Lair:2:   layout_concentric_octagons
Lair:3:   layout_chaotic_city, skrybe_swamp_entry_bodies,
          nicolae_snake_entry_squirm, columned_hall_lemuel,
          grunt_forest_large_clearings, serial_bayou_shore_a,
          grunt_megastairs_2, serial_bayou_shore_b, uniq_amaemon, uniq_gastronok
Lair:4:   layout_roguey, slime_entry_1, gammafunk_ghost_grave
Lair:5:   minmay_lair_end_enchanted_forest, layout_hall_layers,
          fungi_pond_lemuel
Swamp:1:  layout_falls_marsh, infiniplex_staircase_pool
Swamp:2:  layout_falls_marsh, evilmike_swamp_ruin_house_1
Swamp:3:  layout_falls_marsh, evilmike_swamp_ruin_rubble_1, worms_lemuel
Swamp:4:  byrel_swamp_growth_death_and_undeath, layout_basic_swamp
Snake:1:  layout_onion, grunt_ministairs_10, nicolae_snake_gridmaze_waves
Snake:2:  layout_chambers, serial_bayou_lake_a, minmay_shop_grove,
          grunt_megastairs_5, uniq_aizul
Snake:3:  cheibrodos_snake_ritualist_ritual, layout_basic, nicolae_shop_gadgets,
          uniq_donald, uniq_mlioglotl
Snake:4:  grunt_snake_rune_serpentine_throne, layout_misc_corridors,
          guppyfry_snake_island, uniq_mara
Orc:1:    layout_diamond_mine, serial_shops
Orc:2:    kennysheep_orc_mage_school, layout_caves, uniq_sonja
Elf:1:    minmay_elf_arrival_plus, layout_loops_ring, minivault_28

Skill      XL: |  1  2  3  4  5  6  7  8  9 10 11 12 13 14 15 16 17 |
---------------+----------------------------------------------------+-----
Fighting       | 4 5 7 9 10 12 13 | 13.8
Maces & Flails | 3 |  3.2
Axes           | 2 4 6 7 8 9 10 12 15 17 | 17.8
Invocations    | 4 8 10 | 10.1
Armour         | 1 4 6 7 8 9 |  9.3
Shields        | 3 7 8 |  8.1
Dodging        | 4 6 |  6.0

Action                     |  1- 3 |  4- 6 |  7- 9 | 10-12 | 13-15 | 16-18 || total
---------------------------+-------+-------+-------+-------+-------+-------++-------
  Melee: Mace              |   111 |    14 |       |       |       |       ||   125
         Flail             |       |    99 |       |       |       |       ||    99
         Broad axe         |       |     7 |   139 |   316 |   598 |   238 ||  1298
  Throw: Dart              |       |       |       |     1 |    13 |     1 ||    15
         Throwing net      |       |       |       |       |     2 |       ||     2
 Invoke: Recall Ancestor   |       |     1 |     2 |     6 |    14 |     5 ||    28
         Ancestor Life: Ba |       |     1 |       |       |       |       ||     1
         Transference      |       |       |       |     4 |     8 |     2 ||    14
         Idealise          |       |       |       |     1 |     8 |     2 ||    11
  Evoke: Wand              |       |       |     1 |    11 |     8 |     1 ||    21
         Phial of floods   |       |       |       |       |     2 |       ||     2
    Use: Scroll            |       |     1 |     7 |     8 |     8 |     9 ||    33
   Stab: Distracted        |       |       |     3 |    10 |    16 |     7 ||    36
 Armour: Robe              |    26 |       |       |       |       |       ||    26
         Chain mail        |    40 |    87 |    84 |    66 |       |    98 ||   375
         Scale mail        |       |       |       |   151 |   252 |    84 ||   487
  Dodge: Dodged            |    98 |    46 |    61 |   181 |   367 |   271 ||  1024
  Block: Orb               |       |       |       |       |    62 |       ||    62
         Reflection        |       |       |       |       |     3 |     1 ||     4
         Kite shield       |       |       |       |       |       |    39 ||    39

Table legend: (Time is in decaauts)
 A = Elapsed time spent in this place.
 B = Non-inter-level travel time spent in this place.
 C = Inter-level travel time spent in this place.
 D = Time resting spent in this place.
 E = Time spent auto-exploring this place.
 F = Levels seen in this place.
 G = Mean time per level.
                   A        B        C        D        E       F      G
               +--------+--------+--------+--------+--------+-----+--------+
         Total |  27408 |  24431 |   2977 |   3475 |  14959 |  31 |  884.1 |
       Dungeon |  10522 |   9209 |   1313 |    734 |   6144 |  12 |  876.8 |
        Temple |    130 |     92 |     38 |      0 |     75 |   1 |  130.0 |
          Lair |   5772 |   5149 |    623 |    156 |   3956 |   5 | 1154.4 |
         Swamp |   2474 |   2352 |    122 |    385 |   1420 |   4 |  618.5 |
     Snake Pit |   4849 |   4650 |    199 |   1511 |   2272 |   4 | 1212.2 |
  Orcish Mines |   2578 |   1898 |    680 |    317 |   1031 |   2 | 1289.0 |
   Elven Halls |     12 |     12 |      0 |      0 |      0 |   1 |   12.0 |
        Bailey |    479 |    479 |      0 |    241 |     19 |   1 |  479.0 |
      Gauntlet |    588 |    588 |      0 |    131 |     41 |   1 |  588.0 |
               +--------+--------+--------+--------+--------+-----+--------+

Top non-repeatable levels by time:
   Orc:2: 2393 daAuts
 Snake:2: 2300 daAuts
    D:10: 1510 daAuts
  Lair:5: 1474 daAuts
 Snake:3: 1333 daAuts
     D:9: 1258 daAuts
  Lair:3: 1230 daAuts
     D:8: 1157 daAuts
  Lair:4: 1117 daAuts
 Snake:1: 1116 daAuts
     D:4: 1062 daAuts
  Lair:2: 1059 daAuts
  Lair:1: 889 daAuts
 Swamp:2: 811 daAuts
     D:1: 795 daAuts
